 Dungeon Crawl Stone Soup version 0.18.1-8-gdd0e5ea (webtiles) character file.

695 Hipnos the Geomancer (level 7, -1/38 HPs)
             Began as a Gargoyle Earth Elementalist on May 23, 2016.
             Slain by a scorpion (7 damage)
             ... on level 5 of the Dungeon.
             The game lasted 00:16:17 (4033 turns).

Hipnos the Geomancer (Gargoyle Earth Elementalist)  Turns: 4033, Time: 00:16:17

Health: -1/38      AC:  7    Str:  9 (11) XL:     7   Next: 64%
Magic:  1/12       EV: 12    Int: 17 (18) God:
Gold:   209        SH:  0    Dex:  9 (10) Spells: 3 memorised, 7 levels left

rFire  . . .     SeeInvis .     j - +0 whip
rCold  . . .     Gourm    .     a - +0 robe
rNeg   + + .     Faith    .     (no shield)
rPois  ∞         Spirit   .     (no helmet)
rElec  +         Dismiss  .     p - +0 cloak (curse)
rCorr  .         Reflect  .     (no gloves)
SustAt .         Harm     .     (no boots)
MR     .....                    (no amulet)
Stlth  ++........               (no ring)
                                n - ring of positive energy

@: very slightly contaminated, not resistant to hostile enchantments, unstealthy
A: negative energy resistance 1, electricity resistance, unbreathing,
petrification resistance, rot immunity, AC +4
a: no special abilities


You were on level 5 of the Dungeon.
You were not hungry.

You visited 1 branch of the dungeon, and saw 5 of its levels.
You also visited: Sewer.

You collected 209 gold pieces.

Inventory:

Hand Weapons
 j - a +0 whip (weapon)
Missiles
 b - 58 stones (quivered)
Armour
 a - a +0 robe (worn)
 p - a cursed +0 cloak (worn)
Jewellery
 n - a ring of positive energy (left hand)
Wands
 o - a wand of flame (27/48)
 v - a wand of slowing (5/48)
Scrolls
 e - a scroll of fog
 f - a scroll of random uselessness {unknown}
 g - 3 scrolls of blinking {unknown}
 h - 2 scrolls of fear {unknown}
 m - 2 scrolls of identify
 q - a scroll of amnesia
 t - 3 scrolls of remove curse {unknown}
Potions
 l - a potion of cancellation
Books
 c - a book of Geomancy

   Spells                             Type                      Level
   a - Sandblast                      Earth                        1
   b - Passwall                       Transmutation/Earth          2
   c - Stone Arrow                    Conjuration/Earth            3
   d - Petrify                        Transmutation/Earth          4
   e - Lee's Rapid Deconstruction     Earth                        5
Comestibles
 d - 3 bread rations
 i - a chunk of flesh
 k - 2 royal jellies
 r - a meat ration
 s - a slice of pizza


   Skills:
 + Level 1.4 Fighting
 + Level 0.2 Maces & Flails
 + Level 2.5 Dodging
 - Level 2.1 Stealth
 + Level 3.9 Spellcasting
 - Level 0.7 Transmutations
 * Level 8.6 Earth Magic


You had 7 spell levels left.
You knew the following spells:

 Your Spells              Type           Power        Failure   Level  Hunger
a - Sandblast             Erth           ####..       1%          1    None
b - Passwall              Trmt/Erth      ###.......   3%          2    ##.....
c - Stone Arrow           Conj/Erth      ###...       10%         3    ###....


Dungeon Overview and Level Annotations

Branches:
Dungeon (5/15)
 Temple: D:4-7

Altars:
Ashenzari
Cheibriados
Dithmenos

Shops:
D:4 *

Annotations:
D:4 Pikel


Innate Abilities, Weirdness & Mutations

You are resistant to torment.
Your stone body is resilient (AC +4).
You are immune to poison.
You resist negative energy.
You are resistant to electric shocks.
You can survive without breathing.
You are immune to petrification.
You are immune to rotting.


Message History

The scorpion stings you but does no damage.
The giant frog zombie closely misses you.
You hit the scorpion but do no damage.
The scorpion is severely wounded.
The scorpion stings you.
* * * LOW HITPOINT WARNING * * *
The giant frog zombie barely misses you.
The scorpion barely misses you.
The giant frog zombie completely misses you.
The giant frog zombie closely misses you.
The giant frog zombie misses you. The giant frog zombie hits you.
* * * LOW HITPOINT WARNING * * *
Drink which item? (? for menu, Esc to quit)
It was a potion of degeneration.
There was something very wrong with that liquid.
You feel weakened.
You feel dopey.
You feel clumsy.
The giant frog zombie hits you but does no damage.
The scorpion stings you!
You die...

#.# # #####.# #.# ..[#.#
#...#####.#.#
##.#.$.......##############
..........................#
##.#.#####...........)....#
# # #..s.............# #
#..Z@............####
#.....##########.....
#.....# #.....
##.....##########.....
.................'...).
##########...#####....#
#...# #....# #...# #....#
#...# #....#


You could see a scorpion and a giant frog zombie.

Vanquished Creatures
  The ghost of Zleub the Stinger, an amateur NaVM (D:3)
  An ogre (D:5)
  2 giant frogs (Sewer)
  A scorpion (D:4)
  A hound (D:4)
  Crazy Yiuf (D:2)
  A worker ant (D:4)
  A hound skeleton (D:4)
  13 adders
  3 gnolls (D:3)
  2 worms (D:2)
  8 giant geckos
  2 orcs
  15 giant cockroaches
  9 goblins
  6 hobgoblins
  3 jackals
  A quokka (D:3)
  4 ball pythons (Sewer)
  12 bats
  A giant gecko skeleton (D:4)
  7 giant newts
  6 kobolds
  11 rats
112 creatures vanquished.

Notes
Turn   | Place    | Note
--------------------------------------------------------------
     0 | D:1      | Hipnos the Gargoyle Earth Elementalist began the quest for the Orb.
     0 | D:1      | Reached XP level 1. HP: 10/10 MP: 3/3
    74 | D:1      | Reached skill level 4 in Earth Magic
   103 | D:1      | Reached XP level 2. HP: 12/15 MP: 0/5
   790 | D:2      | Reached XP level 3. HP: 12/20 MP: 0/6
   976 | D:2      | Reached skill level 5 in Earth Magic
  1048 | D:2      | Reached XP level 4. HP: 24/24 MP: 0/7
  1215 | D:2      | Noticed Crazy Yiuf
  1222 | D:2      | Learned a level 2 spell: Passwall
  1226 | D:2      | Learned a level 3 spell: Stone Arrow
  1236 | D:2      | Killed Crazy Yiuf
  1270 | D:2      | Found a shattered altar of Ashenzari.
  1317 | D:2      | Found a snail-covered altar of Cheibriados.
  1665 | D:2      | You fall through a shaft!
  1704 | D:3      | Reached XP level 5. HP: 17/28 MP: 0/8
  1778 | D:3      | Noticed Zleub's ghost (amateur NaVM)
  1816 | D:3      | Reached skill level 6 in Earth Magic
  1996 | D:3      | Found a glowing drain.
  2026 | Sewer    | Entered a sewer
  2457 | Sewer    | Reached skill level 7 in Earth Magic
  2457 | Sewer    | Reached XP level 6. HP: 20/33 MP: 7/10
  2780 | D:3      | Reached skill level 1 in Fighting
  3262 | D:3      | Killed Zleub's ghost
  3262 | D:3      | Reached XP level 7. HP: 15/38 MP: 0/12
  3528 | D:4      | Reached skill level 8 in Earth Magic
  3719 | D:4      | Found Dicwal's Assorted Antiques.
  3851 | D:4      | Noticed Pikel
  3886 | D:5      | Entered Level 5 of the Dungeon
  3913 | D:5      | Found a shadowy altar of Dithmenos.
  4033 | D:5      | Slain by a scorpion

Skill      XL: |  1  2  3  4  5  6  7 |
---------------+----------------------+-----
Earth Magic    | 4 5 7 8 |  8.6
Dodging        | 2 |  2.5
Spellcasting   | 3 |  3.9
Fighting       | 1 |  1.4
Maces & Flails | |  0.2
Stealth        | |  2.1
Transmutations | |  0.7

Action                   |  1- 3 |  4- 6 |  7- 9 || total
-------------------------+-------+-------+-------++-------
Melee: Unarmed           |    25 |       |       ||    25
       Whip              |       |    37 |    22 ||    59
 Cast: Sandblast         |    54 |   132 |    63 ||   249
       Stone Arrow       |       |       |     2 ||     2
  Use: Potion            |       |     2 |     1 ||     3
       Scroll            |       |     3 |       ||     3
 Stab: Sleeping          |     1 |       |       ||     1
       Distracted        |       |     1 |       ||     1
  Eat: Chunk             |     1 |     8 |     2 ||    11
Armor: Robe              |    27 |    77 |    29 ||   133
Dodge: Dodged            |    41 |   121 |    49 ||   211
